 Dungeon Crawl Stone Soup version 0.29-a0-998-g1987434951 (webtiles) character file.

Game seed: 5356475488406426962

182 Newt the Insei (level 5, -7/37 HPs)
             Began as a Demonspawn Transmuter on Aug 5, 2022.
             Mangled by Menkaure (18 damage)
             ... on level 4 of the Dungeon.
             The game lasted 00:04:59 (3193 turns).

Newt the Insei (Demonspawn Transmuter)              Turns: 3193, Time: 00:05:00

Health: -7/37      AC:  2    Str: 12    XL:     5   Next: 34%
Magic:  6/8        EV: 12    Int: 14    God:
Gold:   159        SH:  0    Dex: 14    Spells: 6/9 levels left

rFire   . . .      SeeInvis .     - Unarmed
rCold   . . .      Faith    .   (no shield)
rNeg    . . .      Spirit   .   a - +0 robe
rPois   .          Reflect  .   (helmet currently unavailable)
rElec   .          Harm     .   (no cloak)
rCorr   .          Rampage  .   (no gloves)
Will    .....                   (boots currently unavailable)
Stlth   +.........              (no amulet)
HPRegen 0.12/turn               (no ring)
MPRegen 0.11/turn               (no ring)

@: appendages (expiring), wereblooded
A: talons 2, antennae 1, powered by death 1
a: End Transformation


You were on level 4 of the Dungeon.
You had temporarily grown beastly talons.
You visited 1 branch of the dungeon, and saw 4 of its levels.

You collected 159 gold pieces.

Inventory:

Armour
 a - a +0 robe (worn)
 d - a +0 helmet
 h - a +0 pair of boots (melded)
Jewellery
 j - a +6 ring of dexterity
Scrolls
 e - a scroll of butterflies {unknown}
 f - 2 scrolls of fear
 l - a scroll of identify
Potions
 b - a potion of cancellation {unknown}
 c - 2 potions of curing
 g - a potion of brilliance {unknown}
 i - a potion of berserk rage {unknown}
 k - a potion of invisibility {unknown}


   Skills:
 + Level 1.4 Fighting
 - Level 2.0 Dodging
 + Level 4.5 Unarmed Combat
 - Level 2.6 Spellcasting
 - Level 2.2 Transmutations
 * Level 1.5 Poison Magic


You had 6 spell levels left.
You knew the following spells:

 Your Spells              Type           Power      Damage    Failure   Level
a - Beastly Appendage     Tmut           16%        N/A       9%          1
b - Wereblood             Tmut           8%         N/A       14%         2

Your spell library contained the following spells:

 Spells                   Type           Power      Damage    Failure   Level
 Necrotise                Necr           4%         1d4       22%         1
 Spider Form              Tmut/Pois      7%         N/A       30%         3
 Vampiric Draining        Necr           1%         2d6       56%         3
 Ice Form                 Ice/Tmut       4%         N/A       80%         4
 Agony                    Necr           1%         N/A       99%         5


Dungeon Overview and Level Annotations

Branches:
Dungeon (4/15)
 Temple: D:4-7

Altars:
Gozag
Qazlal
Ru

Shops:
D:3 *

Annotations:
D:4 Menkaure


Innate Abilities, Weirdness & Mutations

You have temporarily grown beastly talons.
You have a pair of small antennae on your head.
You regenerate a little health from kills.


Message History

b - a sapphire potion You open the door.
There is an open door here.
You now have 157 gold pieces (gained 11).
You now have 159 gold pieces (gained 2).
Menkaure, Prince of Dust comes into view.
Menkaure shouts!
Casting: Wereblood (safe; 14% risk of failure)
Confirm with . or Enter, or press ? or * to list all spells.
Your feet morph into talons.
Your +0 pair of boots melds into your body.
Casting: Beastly Appendage (safe; 9% risk of failure)
Confirm with . or Enter, or press ? or * to list all spells.
Your blood is infused with primal strength.
An endoplasm comes into view.
You barely miss Menkaure.
Menkaure giggles, "These cerements are ticklish..."
Menkaure barely misses you.
You hit Menkaure.
Menkaure is lightly damaged.
Your transformation is almost over.
Menkaure calls on the powers of darkness!
Your body is wracked with pain!
You barely miss Menkaure. You claw Menkaure.
Menkaure is moderately damaged.
Menkaure barely misses you.
You barely miss Menkaure. You claw Menkaure, but do no damage.
Menkaure is moderately damaged.
You hit Menkaure but do no damage. You claw Menkaure, but do no damage.
Menkaure is moderately damaged.
Menkaure casts a spell.
Menkaure seems to speed up.
You barely miss Menkaure. You claw Menkaure.
Menkaure is moderately damaged.
Menkaure hits you!
* * * LOW HITPOINT WARNING * * *
You hit Menkaure.
Menkaure is heavily damaged.
Menkaure hits you!!
You die...

#...........###.#.#######
#.#.#######.# #.#.#
#.#.#.......# #.#.#
#.#.#.####### #.#.#
#.#.#.# #.#.# #...#.#
#.#.# #####.# ###.#.#
#.#######...#.#####.
#...........@M......
#########.....######
#######


You could see Menkaure (fast).

Vanquished Creatures
  An ogre (D:4)
  An adder (D:3)
  2 worms (D:3)
  A dart slug (D:2)
  4 bats
  7 endoplasms
  3 giant cockroaches
  6 goblins
  7 hobgoblins
  11 jackals
  9 kobolds
  2 quokkas
  5 ball pythons
  6 frilled lizards
  8 rats
73 creatures vanquished.

Notes
Turn   | Place    | Note
-------+----------+-------------------------------------------
     0 | D:1      | Newt the Demonspawn Transmuter began the quest for the Orb.
     0 | D:1      | Reached XP level 1. HP: 15/15 MP: 3/3
   122 | D:1      | Reached skill level 3 in Unarmed Combat
   125 | D:1      | Gained mutation: You regenerate a little health from kills.
                  | [demonic ancestry]
   125 | D:1      | Reached XP level 2. HP: 14/21 MP: 5/5
   438 | D:1      | Learned a level 2 spell: Wereblood
   648 | D:2      | Lost mutation: You have a pair of horns on your head.
                  | [demonic ancestry]
   648 | D:2      | Lost mutation: You have a pair of small horns on your head.
                  | [demonic ancestry]
   648 | D:2      | Gained mutation: You have a pair of small antennae on your
                  | head. [demonic ancestry]
   648 | D:2      | Reached XP level 3. HP: 26/26 MP: 4/6
   925 | D:2      | Found a faded altar of an unknown god.
  1495 | D:3      | Found a sacrificial altar of Ru.
  1553 | D:3      | Reached XP level 4. HP: 32/32 MP: 7/7
  2010 | D:3      | Found an opulent altar of Gozag.
  2012 | D:3      | Found Gozag's Platinum Reserve.
  2224 | D:3      | Found a stormy altar of Qazlal.
  2895 | D:4      | Noticed an ogre
  2902 | D:4      | Killed an ogre
  2903 | D:4      | Reached skill level 4 in Unarmed Combat
  2903 | D:4      | Reached skill level 1 in Poison Magic
  2903 | D:4      | Reached XP level 5. HP: 32/37 MP: 4/8
  3179 | D:4      | Noticed Menkaure
  3193 | D:4      | Mangled by Menkaure

Illustrated notes

Levels and vault maps discovered:
D:1:      dpeg_arrival_rooms_c, layout_basic, minmay_misc_feat_rows
D:2:      layout_basic, dreamdust_ecumenical_altar_angels_and_demons,
          chequers_serial_rivers_micro_c, minmay_split_cup_large
D:3:      layout_basic, nicolae_gozag_zags_fifth_avenue, grunt_qazlal_clouds,
          nicolae_ru_awakened_eye
D:4:      layout_basic, lemuel_mausoleum_altar_kikubaaqudgha, uniq_menkaure

Skill      XL: |  1  2  3  4 |
---------------+-------------+-----
Unarmed Combat | 3 4 |  4.5
Dodging        | 2 |  2.0
Transmutations | 2 |  2.2
Poison Magic   | 1 |  1.5
Fighting       | |  1.4
Spellcasting   | |  2.6

Action                   |  1- 3 |  4- 6 || total
-------------------------+-------+-------++-------
Melee: Unarmed           |   147 |    63 ||   210
       Kick              |    28 |    15 ||    43
       Headbutt          |     6 |       ||     6
       Punch             |     2 |     1 ||     3
 Cast: Beastly Appendage |    22 |    11 ||    33
       Wereblood         |     1 |     4 ||     5
  Use: Scroll            |     6 |     2 ||     8
       Potion            |       |     1 ||     1
 Stab: Sleeping          |     1 |       ||     1
Armor: Robe              |    36 |     4 ||    40
       Skin              |       |     1 ||     1
Dodge: Dodged            |    92 |    23 ||   115

Table legend: (Time is in decaauts)
 A = Elapsed time spent in this place.
 B = Non-inter-level travel time spent in this place.
 C = Inter-level travel time spent in this place.
 D = Time resting spent in this place.
 E = Time spent auto-exploring this place.
 F = Levels seen in this place.
 G = Mean time per level.
                   A        B        C        D        E       F      G
               +--------+--------+--------+--------+--------+-----+--------+
         Total |   3178 |   3122 |     56 |    228 |   2397 |   4 |  794.5 |
       Dungeon |   3178 |   3122 |     56 |    228 |   2397 |   4 |  794.5 |
               +--------+--------+--------+--------+--------+-----+--------+

Top non-repeatable levels by time:
     D:3: 1371 daAuts
     D:2: 847 daAuts
     D:1: 638 daAuts
     D:4: 320 daAuts
